 Dungeon Crawl Stone Soup version 0.20.0-6-gd3061e9 (webtiles) character file.

339 George the Slasher (level 6, -1/44 HPs)
             Began as a Demonspawn Gladiator on May 28, 2017.
             Slain by a worker ant (6 damage)
             ... on level 4 of the Dungeon.
             The game lasted 00:03:32 (3460 turns).

George the Slasher (Demonspawn Gladiator)           Turns: 3460, Time: 00:03:33

Health: -1/44      AC: 10    Str: 16    XL:     6   Next: 29%
Magic:  0/6        EV:  7    Int: 10    God:
Gold:   123        SH:  3    Dex: 14    Spells: 5/5 levels left

rFire    . . .     SeeInvis .   a - +0 long sword
rCold    . . .     Gourm    .   (no shield)
rNeg     . . .     Faith    .   n - +0 chain mail
rPois    +         Spirit   +   (helmet restricted)
rElec    .         Reflect  +   v - +0 cloak
rCorr    .         Harm     .   (no gloves)
MR       .....                  o - +0 pair of boots
Stlth    ..........             y - +3 amulet of reflection
Regen    0.2/turn               q - ring of poison resistance
MPRegen  0.1/turn               (no ring)

@: no status effects
A: horns 1, demonic guardian 1, magic shield
a: no special abilities


You were on level 4 of the Dungeon.
You were not hungry.

You visited 1 branch of the dungeon, and saw 4 of its levels.

You collected 123 gold pieces.

Inventory:

Hand Weapons
 a - a +0 long sword (weapon)
Missiles
 d - 2 throwing nets (quivered)
Armour
 n - a +0 chain mail (worn)
 o - a +0 pair of boots (worn)
 v - a +0 cloak (worn)
Jewellery
 q - a ring of poison resistance (left hand)
 y - a +3 amulet of reflection (around neck)
Wands
 r - a wand of iceblast (8/15)
Scrolls
 b - 2 scrolls of teleportation {unknown}
 c - a scroll of remove curse {unknown}
 e - 7 scrolls of identify {unknown}
 j - 2 scrolls of blinking {unknown}
 k - a scroll of enchant weapon {unknown}
 x - a scroll of recharging {unknown}
Potions
 g - 2 potions of curing {unknown}
 h - 3 potions of heal wounds {unknown}
 i - 3 potions of brilliance {unknown}
 p - a potion of might {unknown}
 s - a potion of agility {unknown}
 u - 2 potions of magic {unknown}
 z - a potion of flight {unknown}
Comestibles
 f - 3 bread rations
 l - a royal jelly
 m - 3 meat rations
 t - 4 fruits
 w - a chunk of flesh


   Skills:
 - Level 2.0 Fighting
 + Level 6.5 Long Blades
 - Level 1.7 Throwing
 - Level 2.6 Dodging


You had 5 spell levels left.
You didn't know any spells.

Dungeon Overview and Level Annotations

Branches:
Dungeon (4/15)
 Temple: D:4-7

Altars:
Fedhas


Innate Abilities, Weirdness & Mutations

You have a pair of small horns on your head.
A weak demonic guardian rushes to your aid.
When hurt, damage is shared between your health and your magic reserves.


Message History

You hit Menkaure but do no damage.
You headbutt Menkaure, but do no damage.
Menkaure is almost destroyed.
You hit Menkaure.
Menkaure is almost destroyed.
Menkaure struggles against the net. x2
The net rips apart, and Menkaure comes free!
You hit Menkaure but do no damage.
Menkaure is almost destroyed.
Menkaure hits you but does no damage.
You slash Menkaure!
You destroy Menkaure!
Your Long Blades skill increases to level 6!
You have reached level 6!
Your experience leads to an increase in your attributes!
Increase (S)trength, (I)ntelligence, or (D)exterity?
You feel stronger.
Your demonic ancestry asserts itself...
You feel the presence of a demonic guardian.
The worker ant bites you.
You die...

.# # #.# P. ## #.#
P.P##.#..# #
_PP....#.# <#
#....# #######o.##
##.#)###....@a...#
##..........##...#
#...<###.##.# ..#
#.#### # #.# .#
#.# #.##.# ...#
#.# #.##.##...
#####.###
#.##.#...
........##
#.##.#..#
#####....#
#.##.#..#


You could see Blork the orc and a worker ant.

Vanquished Creatures
  Menkaure (D:4)
  A howler monkey (D:4)
  Jessica (D:2)
  An orc wizard (D:3)
  A worker ant (D:4)
  3 adders
  An ooze (D:2)
  2 worms
  A dart slug (D:1)
  A leopard gecko (D:2)
  8 orcs (D:3)
  3 giant cockroaches
  7 goblins
  8 hobgoblins
  5 jackals
  3 kobolds
  A quokka (D:3)
  10 bats
  2 frilled lizards
  5 rats
65 creatures vanquished.

Notes
Turn   | Place    | Note
-------+----------+-------------------------------------------
     0 | D:1      | George the Demonspawn Gladiator began the quest for the Orb.
     0 | D:1      | Reached XP level 1. HP: 16/16 MP: 1/1
    17 | D:1      | Reached skill level 3 in Long Blades
   294 | D:1      | Gained mutation: When hurt, damage is shared between your health and your magic reserves. [demonic ancestry]
   294 | D:1      | Reached XP level 2. HP: 22/22 MP: 2/2
  1276 | D:2      | Noticed Jessica
  1281 | D:2      | Killed Jessica
  1281 | D:2      | Reached skill level 4 in Long Blades
  1281 | D:2      | Gained mutation: You have a pair of small horns on your head. [demonic ancestry]
  1281 | D:2      | Reached XP level 3. HP: 27/27 MP: 3/3
  1779 | D:2      | Reached XP level 4. HP: 30/33 MP: 4/4
  1945 | D:3      | Reached skill level 5 in Long Blades
  2060 | D:3      | Reached XP level 5. HP: 32/38 MP: 5/5
  3303 | D:4      | Found a blossoming altar of Fedhas.
  3448 | D:4      | Noticed Menkaure
  3460 | D:4      | Killed Menkaure
  3460 | D:4      | Reached skill level 6 in Long Blades
  3460 | D:4      | Gained mutation: A weak demonic guardian rushes to your aid. [demonic ancestry]
  3460 | D:4      | Reached XP level 6. HP: 5/44 MP: 0/6
  3460 | D:4      | Slain by a worker ant

Skill      XL: |  1  2  3  4  5 |
---------------+----------------+-----
Long Blades    | 3 4 5 6 |  6.5
Fighting       | |  2.0
Throwing       | |  1.7
Dodging        | |  2.6

Action                   |  1- 3 |  4- 6 || total
-------------------------+-------+-------++-------
Melee: Long sword        |    74 |   124 ||   198
       Headbutt          |    11 |    23 ||    34
Throw: Throwing net      |       |     1 ||     1
 Stab: Sleeping          |     1 |       ||     1
  Eat: Chunk             |     3 |     4 ||     7
       Fruit             |       |     1 ||     1
Armor: Leather armour    |    15 |       ||    15
       Chain mail        |    25 |    81 ||   106
Dodge: Dodged            |    41 |    47 ||    88
Block: Other             |       |     1 ||     1
       Rpst.: Long sword |    17 |    16 ||    33
